TOP OF THE 1ST |
Hickory Crawdads batting - Pitching for West Michigan Whitecaps : RHP Dale Gilbert
|
Pitching: RHP Dale Gilbert
|
|
Batting: RHB Jeremy Boerman
|
0-0: Called Strike 0-1: Ground out 1-3 (Groundball, 15S, EV 73.1 MPH)
|
Batting: RHB Nick Solberg
|
0-0: Fly out, F8 (Flyball, 8LM, EV 98.1 MPH)
|
Batting: RHB Michel Martineau
|
0-0: Ball 1-0: Foul Ball, location: 2F 1-1: Called Strike 1-2: Strikes out swinging
|
Top of the 1st over - 0 runs, 0 hits, 0 errors, 0 left on base; Hickory 0 - West Michigan 0 |
BOTTOM OF THE 1ST |
West Michigan Whitecaps batting - Pitching for Hickory Crawdads : RHP Chris Wood
|
Pitching: RHP Chris Wood
|
|
Batting: RHB Mike Sebastian
|
0-0: Foul Ball, location: 2F 0-1: Swinging Strike 0-2: Ball 1-2: Ball 2-2: Ball 3-2: Foul Ball, location: 2F 3-2: Strikes out swinging
|
Batting: RHB Joe Zimmerman
|
0-0: Fly out, F8 (Flyball, 8RM, EV 90.0 MPH)
|
Batting: RHB Jon Goldstein
|
0-0: Called Strike 0-1: Foul Ball, location: 2F 0-2: Strikes out swinging
|
Bottom of the 1st over - 0 runs, 0 hits, 0 errors, 0 left on base; Hickory 0 - West Michigan 0 |
TOP OF THE 2ND |
Hickory Crawdads batting - Pitching for West Michigan Whitecaps : RHP Dale Gilbert
|
Batting: RHB Vinny Luna
|
0-0: Foul Ball, location: 2F 0-1: SINGLE (Groundball, 56D, EV 101.2 MPH)
|
Batting: RHB Shoh Tanioka
|
0-0: Ball 1-0: Ball Vinny Luna is caught stealing 2nd base 2-4 2-0: Hit by Pitch
|
Batting: LHB Lee Gerken
|
0-0: Ball Wild Pitch! Shoh Tanioka to second 1-0: Called Strike 1-1: Ground out 6-3 (Groundball, 56, EV 92.5 MPH)
|
Batting: RHB George King
|
0-0: Called Strike 0-1: Swinging Strike 0-2: Ball 1-2: Fly out, F9 (Flyball, 9, EV 86.2 MPH)
|
Top of the 2nd over - 0 runs, 1 hit, 0 errors, 1 left on base; Hickory 0 - West Michigan 0 |
BOTTOM OF THE 2ND |
West Michigan Whitecaps batting - Pitching for Hickory Crawdads : RHP Chris Wood
|
Batting: LHB George Moran
|
0-0: Ball 1-0: Called Strike 1-1: Foul Ball, location: 2F 1-2: Strikes out looking
|
Batting: SHB Willie Medina
|
0-0: Foul Ball, location: 2F 0-1: Fly out, F3 (Line Drive, 3, EV 63.1 MPH)
|
Batting: LHB Brad Gaskill
|
0-0: Foul Ball, location: 2F 0-1: Foul Ball, location: 2F 0-2: Ball 1-2: Ball 2-2: Ball 3-2: Strikes out looking
|
Bottom of the 2nd over - 0 runs, 0 hits, 0 errors, 0 left on base; Hickory 0 - West Michigan 0 |
TOP OF THE 3RD |
Hickory Crawdads batting - Pitching for West Michigan Whitecaps : RHP Dale Gilbert
|
Batting: RHB Dave Brabo
|
0-0: Ball 1-0: Fly out, F1 (Popup, P, EV 78.8 MPH)
|
Batting: RHB Ricky Carbajal
|
0-0: Foul Ball, location: 2LF, Error on foul ball, E2 0-1: Ground out 6-3 (Groundball, 4MD, EV 106.2 MPH)
|
Batting: RHB Jeremy Boerman
|
0-0: Foul Ball, location: 2F 0-1: Ball 1-1: Ball 2-1: Foul Ball, location: 2F 2-2: Strikes out swinging
|
Top of the 3rd over - 0 runs, 0 hits, 1 error, 0 left on base; Hickory 0 - West Michigan 0 |
BOTTOM OF THE 3RD |
West Michigan Whitecaps batting - Pitching for Hickory Crawdads : RHP Chris Wood
|
Batting: SHB Chris Wagler
|
0-0: SINGLE (Groundball, 4MD, EV 102.5 MPH)
|
Batting: RHB Jamie Villagrana
|
0-0: Called Strike 0-1: Foul Ball, location: 2F 0-2: SINGLE (Groundball, 4MD, EV 97.5 MPH) Chris Wagler to second
|
Batting: RHB Ernst Meloche
|
0-0: Called Strike 0-1: Called Strike 0-2: Ball 1-2: Strikes out swinging
|
Batting: RHB Mike Sebastian
|
0-0: Foul Ball, location: 2F 0-1: Foul Ball, location: 2F 0-2: Foul Ball, location: 2F 0-2: Ball 1-2: Strikes out looking
|
Batting: RHB Joe Zimmerman
|
0-0: Ball 1-0: Ball 2-0: Foul Ball, location: 2F 2-1: Ball 3-1: SINGLE (Line Drive, 6MD, EV 95.6 MPH) Chris Wagler to third Jamie Villagrana to second Runner from 3rd tries for Home, SAFE, throw by CF to home
|
Batting: RHB Jon Goldstein
|
0-0: Called Strike 0-1: Ball 1-1: Swinging Strike 1-2: Strikes out swinging
|
Bottom of the 3rd over - 1 run, 3 hits, 0 errors, 2 left on base; Hickory 0 - West Michigan 1 |
TOP OF THE 4TH |
Hickory Crawdads batting - Pitching for West Michigan Whitecaps : RHP Dale Gilbert
|
Batting: RHB Nick Solberg
|
0-0: Foul Ball, location: 2F 0-1: Ball 1-1: Ball 2-1: Ground out 6-3 (Groundball, 6, EV 83.1 MPH)
|
Batting: RHB Michel Martineau
|
0-0: Ball 1-0: Ball 2-0: Foul Ball, location: 2F 2-1: Foul Ball, location: 2F 2-2: Ball 3-2: Fly out, F8 (Flyball, 8RXD, EV 101.9 MPH)
|
Batting: RHB Vinny Luna
|
0-0: Foul Ball, location: 2F 0-1: Called Strike 0-2: Ball 1-2: Foul Ball, location: 2F 1-2: Ball 2-2: Ball 3-2: Foul Ball, location: 2F 3-2: Strikes out swinging
|
Top of the 4th over - 0 runs, 0 hits, 0 errors, 0 left on base; Hickory 0 - West Michigan 1 |
BOTTOM OF THE 4TH |
West Michigan Whitecaps batting - Pitching for Hickory Crawdads : RHP Chris Wood
|
Batting: LHB George Moran
|
0-0: Called Strike 0-1: Ball 1-1: Ball 2-1: Fly out, F7 (Flyball, 7, EV 97.5 MPH)
|
Batting: SHB Willie Medina
|
0-0: Called Strike 0-1: Called Strike 0-2: Foul Ball, location: 2F 0-2: Foul Ball, location: 2F 0-2: Ball 1-2: Foul Ball, location: 2F 1-2: Strikes out swinging
|
Batting: LHB Brad Gaskill
|
0-0: Ball 1-0: SINGLE (Flyball, 56D, EV 84.4 MPH)
|
Batting: SHB Chris Wagler
|
0-0: Called Strike 0-1: Ball 1-1: Swinging Strike 1-2: Ball 2-2: Ball 3-2: Strikes out swinging
|
Bottom of the 4th over - 0 runs, 1 hit, 0 errors, 1 left on base; Hickory 0 - West Michigan 1 |
TOP OF THE 5TH |
Hickory Crawdads batting - Pitching for West Michigan Whitecaps : RHP Dale Gilbert
|
Batting: RHB Shoh Tanioka
|
0-0: Foul Ball, location: 2F 0-1: SOLO HOME RUN (Flyball, 9D, EV 98.8 MPH), Distance : 386 ft
|
Batting: LHB Lee Gerken
|
0-0: Swinging Strike 0-1: Called Strike 0-2: Ball 1-2: SINGLE (Line Drive, 6D, EV 100.0 MPH)
|
Batting: RHB George King
|
0-0: Ball 1-0: Foul Ball, location: 2F 1-1: Ball 2-1: Swinging Strike 2-2: Foul Ball, location: 2F 2-2: Ball 3-2: Foul Ball, location: 2F 3-2: SINGLE (Line Drive, 6D, EV 106.9 MPH) Lee Gerken to second
|
Batting: RHB Dave Brabo
|
0-0: Swinging Strike 0-1: Foul Ball, location: 2F 0-2: Ball 1-2: Ball 2-2: Strikes out looking
|
Batting: RHB Ricky Carbajal
|
0-0: Ball 1-0: Called Strike 1-1: Foul Ball, location: 2F 1-2: SINGLE (Groundball, 6MD, EV 105.0 MPH) Lee Gerken to third George King to second Runner from 3rd tries for Home, throw by CF and OUT! 8-2 George King to third Ricky Carbajal to second
|
Batting: RHB Jeremy Boerman
|
0-0: Ball 1-0: Called Strike 1-1: Foul Ball, location: 2F 1-2: Foul Ball, location: 2F 1-2: Ball 2-2: Ball 3-2: 3-RUN HOME RUN (Flyball, 78XD, EV 100.0 MPH), Distance : 409 ft
|
Batting: RHB Nick Solberg
|
0-0: Foul Ball, location: 2F 0-1: DOUBLE (Line Drive, 89D, EV 101.2 MPH)
|
Batting: RHB Michel Martineau
|
0-0: Ball 1-0: Called Strike 1-1: Foul Ball, location: 2F 1-2: Foul Ball, location: 2F 1-2: Ball 2-2: Foul Ball, location: 2F 2-2: Ball 3-2: SINGLE (Line Drive, 4MD, EV 104.4 MPH) Nick Solberg to third
|
Batting: RHB Vinny Luna
|
0-0: Called Strike 0-1: Ball 1-1: Ball 2-1: Foul Ball, location: 2F 2-2: Ball 3-2: 3-RUN HOME RUN (Flyball, 89XD, EV 104.4 MPH), Distance : 412 ft
|
Pitching: LHP Chris Thomas
|
|
Batting: RHB Shoh Tanioka
|
0-0: Ball 1-0: Ball 2-0: Called Strike 2-1: Fly out, F5 (Popup, 56, EV 72.5 MPH)
|
Top of the 5th over - 7 runs, 8 hits, 0 errors, 0 left on base; Hickory 7 - West Michigan 1 |
BOTTOM OF THE 5TH |
West Michigan Whitecaps batting - Pitching for Hickory Crawdads : RHP Chris Wood
|
Batting: RHB Jamie Villagrana
|
0-0: Ball 1-0: Foul Ball, location: 2F 1-1: Ball 2-1: Called Strike 2-2: Ball 3-2: Ground out 5-3 (Groundball, 56S, EV 88.1 MPH)
|
Batting: RHB Ernst Meloche
|
0-0: Ground out 4-3 (Groundball, 4M, EV 93.1 MPH)
|
Batting: RHB Mike Sebastian
|
0-0: Fly out, F9 (Flyball, 9LM, EV 96.9 MPH)
|
Bottom of the 5th over - 0 runs, 0 hits, 0 errors, 0 left on base; Hickory 7 - West Michigan 1 |
TOP OF THE 6TH |
Hickory Crawdads batting - Pitching for West Michigan Whitecaps : LHP Chris Thomas
|
Batting: LHB Lee Gerken
|
0-0: Foul Ball, location: 2F 0-1: Fly out, F8 (Flyball, 8LD, EV 90.0 MPH)
|
Batting: RHB George King
|
0-0: Fly out, F7 (Flyball, 78M, EV 95.0 MPH)
|
Batting: RHB Dave Brabo
|
0-0: Ball 1-0: Called Strike 1-1: Ball 2-1: Foul Ball, location: 2F 2-2: Ball 3-2: Strikes out swinging
|
Top of the 6th over - 0 runs, 0 hits, 0 errors, 0 left on base; Hickory 7 - West Michigan 1 |
BOTTOM OF THE 6TH |
West Michigan Whitecaps batting - Pitching for Hickory Crawdads : RHP Chris Wood
|
Batting: RHB Joe Zimmerman
|
0-0: Foul Ball, location: 2F 0-1: Fly out, F8 (Flyball, 8RXD, EV 85.6 MPH)
|
Batting: RHB Jon Goldstein
|
0-0: Hit by Pitch
|
Batting: LHB George Moran
|
0-0: Ball 1-0: Swinging Strike 1-1: Foul Ball, location: 2F 1-2: Fielders Choice at 2nd, 4-6 (Groundball, 4, EV 86.2 MPH)
|
Batting: SHB Willie Medina
|
0-0: Called Strike 0-1: Fielders Choice at 2nd, 5-4 (Groundball, 5D, EV 80.0 MPH)
|
Bottom of the 6th over - 0 runs, 0 hits, 0 errors, 1 left on base; Hickory 7 - West Michigan 1 |
TOP OF THE 7TH |
Hickory Crawdads batting - Pitching for West Michigan Whitecaps : LHP Chris Thomas
|
Batting: RHB Ricky Carbajal
|
0-0: Swinging Strike 0-1: Foul Ball, location: 2F 0-2: Ball 1-2: Ball 2-2: Ball 3-2: Foul Ball, location: 2F 3-2: Foul Ball, location: 2F 3-2: Base on Balls
|
Batting: RHB Jeremy Boerman
|
0-0: Called Strike Ricky Carbajal is caught stealing 2nd base 2-4 0-1: Swinging Strike 0-2: Ball 1-2: Ball 2-2: Ball 3-2: Strikes out swinging
|
Batting: RHB Nick Solberg
|
0-0: Called Strike 0-1: Swinging Strike 0-2: Ball 1-2: Ball 2-2: Foul Ball, location: 2F 2-2: Fly out, F9 (Flyball, 9, EV 74.4 MPH)
|
Top of the 7th over - 0 runs, 0 hits, 0 errors, 0 left on base; Hickory 7 - West Michigan 1 |
BOTTOM OF THE 7TH |
West Michigan Whitecaps batting - Pitching for Hickory Crawdads : RHP Chris Wood
|
Batting: LHB Brad Gaskill
|
0-0: Called Strike 0-1: Ball 1-1: SINGLE (Groundball, P, EV 81.2 MPH) (infield hit)
|
Batting: SHB Chris Wagler
|
0-0: Ball 1-0: SINGLE (Groundball, 6M, EV 91.2 MPH) (infield hit) Brad Gaskill to second
|
Batting: RHB Jamie Villagrana
|
0-0: Called Strike 0-1: Foul Ball, location: 2F 0-2: Ball 1-2: Ball 2-2: Foul Ball, location: 2F 2-2: DOUBLE (Line Drive, 8LXD, EV 106.2 MPH) Brad Gaskill scores Chris Wagler to third
|
Batting: RHB Ernst Meloche
|
0-0: Ball 1-0: Called Strike 1-1: Ball 2-1: Ball 3-1: Ground out U3 (Groundball, 3L, EV 108.1 MPH)
|
Batting: RHB Mike Sebastian
|
0-0: Ball 1-0: Foul Ball, location: 2F 1-1: Ground out 4-3 (Groundball, 4M, EV 86.9 MPH) Chris Wagler scores Jamie Villagrana to third
|
Pitching: RHP Lu-shan Zhào
|
|
Batting: RHB Joe Zimmerman
|
0-0: Swinging Strike 0-1: Called Strike 0-2: Ball 1-2: Ball 2-2: Foul Ball, location: 2F 2-2: Ball 3-2: Ground out 4-3 (Groundball, 4, EV 90.0 MPH)
|
Bottom of the 7th over - 2 runs, 3 hits, 0 errors, 1 left on base; Hickory 7 - West Michigan 3 |
TOP OF THE 8TH |
Hickory Crawdads batting - Pitching for West Michigan Whitecaps : LHP Chris Thomas
|
Pitching: RHP Juan Murillo
|
|
Batting: RHB Michel Martineau
|
0-0: Fly out, F9 (Flyball, 89M, EV 82.5 MPH)
|
Batting: RHB Vinny Luna
|
0-0: Foul Ball, location: 2F 0-1: Ball 1-1: Ball 2-1: Ball 3-1: Called Strike 3-2: Strikes out swinging
|
Batting: RHB Shoh Tanioka
|
0-0: Swinging Strike 0-1: Fly out, F8 (Flyball, 8LM, EV 82.5 MPH)
|
Top of the 8th over - 0 runs, 0 hits, 0 errors, 0 left on base; Hickory 7 - West Michigan 3 |
BOTTOM OF THE 8TH |
West Michigan Whitecaps batting - Pitching for Hickory Crawdads : RHP Lu-shan Zhào
|
Batting: RHB Jon Goldstein
|
0-0: Fly out, F6 (Line Drive, 56, EV 67.5 MPH)
|
Batting: LHB George Moran
|
0-0: Called Strike 0-1: Ground out U3 (Groundball, 3, EV 110.6 MPH)
|
Batting: SHB Willie Medina
|
0-0: Called Strike 0-1: Fly out, F8 (Line Drive, 8RD, EV 95.0 MPH)
|
Bottom of the 8th over - 0 runs, 0 hits, 0 errors, 0 left on base; Hickory 7 - West Michigan 3 |
TOP OF THE 9TH |
Hickory Crawdads batting - Pitching for West Michigan Whitecaps : RHP Juan Murillo
|
Batting: LHB Lee Gerken
|
0-0: Ball 1-0: Called Strike 1-1: Swinging Strike 1-2: Ball 2-2: Ball 3-2: Foul Ball, location: 2F 3-2: Foul Ball, location: 2F 3-2: Base on Balls
|
Batting: RHB George King
|
0-0: Sac Bunt to 3S - play at first, batter OUT! 3-4 Lee Gerken to second
|
Batting: RHB Dave Brabo
|
0-0: Ball 1-0: Called Strike 1-1: Ball 2-1: Called Strike 2-2: SINGLE (Flyball, 7LM, EV 91.2 MPH) Lee Gerken to third
|
Batting: RHB Ricky Carbajal
|
0-0: Ball 1-0: Called Strike Dave Brabo steals 2nd base 1-1: Swinging Strike 1-2: Strikes out swinging
|
Batting: RHB Jeremy Boerman
|
0-0: Swinging Strike 0-1: Ball 1-1: Called Strike 1-2: SINGLE (Groundball, 5S, EV 68.1 MPH) (infield hit) Lee Gerken scores Dave Brabo to third
|
Batting: RHB Nick Solberg
|
0-0: Fielders Choice at 2nd, 5-4 (Groundball, 5, EV 86.2 MPH)
|
Top of the 9th over - 1 run, 2 hits, 0 errors, 2 left on base; Hickory 8 - West Michigan 3 |
BOTTOM OF THE 9TH |
West Michigan Whitecaps batting - Pitching for Hickory Crawdads : RHP Lu-shan Zhào
|
Batting: LHB Brad Gaskill
|
0-0: Foul Ball, location: 2F 0-1: Ground out 3-1 (Groundball, 34, EV 83.1 MPH)
|
Batting: SHB Chris Wagler
|
0-0: Ball 1-0: Ground out 4-3 (Groundball, 4, EV 87.5 MPH)
|
Batting: RHB Jamie Villagrana
|
0-0: Called Strike 0-1: Foul Ball, location: 2F 0-2: Ball 1-2: Ball 2-2: Foul Ball, location: 2F 2-2: Ground out 4-3 (Groundball, 4, EV 103.1 MPH)
|
Bottom of the 9th over - 0 runs, 0 hits, 0 errors, 0 left on base; Hickory 8 - West Michigan 3 |
|